cohdb
Replays
Latest Replays
All Replays
Popular Replays
Top Player Replays
Match Explorer
How It Works
Community
CoH3 Stats
Reddit
Sign in to upload your games and track your stats! →
Sign in with Steam
Match 46148045
Unlisted
Match 46148045
Overview
Messages
Build Orders
End
Royal Engineer Section
Construct Section Command Post
Selects Canadian Shock Battlegroup
Infantry Section
Infantry Section
Infantry Section
Infantry Section
Construct Field Infirmary
Selects Offensive Resupply
Selects Canadian Shock Section
Construct Platoon Command Post
6-pounder Anti-tank Gun Team
Selects Point Assault
Vickers Machine Gun Team
Makros
Havoc
0
0
Comments
sign in to comment!
No comments posted yet!